[Event "*** Titled Tuesday Blitz"]
[Site "Chess.com"]
[Date "2020.04.07"]
[Round "8"]
[White "GM-AndreyOrlov"]
[Black "MilanovicDan"]
[Result "1-0"]
[WhiteElo "2667"]
[BlackElo "2396"]
[TimeControl "180+1"]
[EndTime "14:34:34 PDT"]
[Termination "GM-AndreyOrlov won by resignation"]

1. e4 d5 2. Nc3 dxe4 3. Nxe4 Bf5 4. Ng3 Bg6 5. Nf3 e6 6. d4 Nd7 7. Bd3 Ngf6 8. O-O Be7 9. Re1 O-O 10. Bxg6 hxg6 11. c3 c6 12. Qe2 a5 13. Ne4 a4 14.
Bd2 Nd5 15. Neg5 b5 16. a3 Bf6 17. h4 Qc7 18. g3 Rfe8 19. Ne4 Be7 20. Bg5 Bf8 21.
Rad1 Rab8 22. Kg2 c5 23. dxc5 Nxc5 24. Nxc5 Qxc5 25. Ne5 Rb7 26. Be3 Qc7 27. Bd4 Rbb8 28. h5 g5 29. Qg4 Qb7 30. Kg1 Rbd8 31. Nf3 Nf6 32. Bxf6 gxf6 33. Nxg5 Kh8 34. Nf3 Bh6 35. Nd4 Rd5 36. Qf3 f5 37. Nxf5 Rxd1 38. Qxd1 Bf8 39. Qd4+ Kh7 40. Nd6 Bxd6 41. Qxd6 Qf3 42. Qe5 Rd8 43.
Qe4+ Qxe4 44. Rxe4 Rd2 45. Rb4 Rd5 46. g4 Kh6 47. Kg2 Kg5 48. Kg3 e5 49. f3 f6 50.
c4 bxc4 51. Rxc4 Rd2 52. Rb4 Rc2 53. Rb8 Kh6 54. Rb6 Kg5 55. Rb8 Kh6 56. Rg8 Kh7 57. Rg6 Rxb2 58. Rxf6 Rb3 59. Re6 Rxa3 60. Rxe5 Ra1 61. Ra5 a3 62. Kf4 a2 63. Kg5 Kg7 64. Ra7+ Kf8 65. f4 Ke8 66. f5 Kd8 67. h6 Kc8 68. h7 Kb8 69. Rxa2 Rxa2 1-0

[Event "*** Titled Tuesday Blitz"]
[Site "Chess.com"]
[Date "2020.04.07"]
[Round "8"]
[White "ahkashefi2800"]
[Black "JoakimVonAnd"]
[Result "0-1"]
[WhiteElo "2228"]
[BlackElo "2491"]
[TimeControl "180+1"]
[EndTime "14:34:34 PDT"]
[Termination "JoakimVonAnd won on time"]

1. e4 c6 2. Nc3 d5 3. Nf3 Nf6 4. exd5 cxd5 5. Bb5+ Nc6 6. d4 Bf5 7. Ne5 Qb6 8. O-O e6 9. Bg5 Be7 10. Bxc6+ bxc6 11. Rb1 h6 12. Bh4 Qc7 13. Bg3 Bd6 14.
Re1 O-O 15. b4 Rab8 16. a3 a5 17. bxa5 Rxb1 18. Nxb1 Ra8 19. Qd2 Ne4 20. Qe3 Nxg3 21.
hxg3 Rxa5 22. Nd3 Bxa3 23. Nxa3 Rxa3 24. Rb1 Bxd3 25. cxd3 Ra8 26. Rd1 Rb8 27. Kh2 Rb2 28. Rc1 Qb7 29. Qf4 Qb8 30. Qxb8+ Rxb8 31. Rxc6 Rb3 32. Rc8+ Kh7 33. Ra8 Rxd3 34. Ra4 Rc3 35. f3 Rc4 36. Ra7 Rxd4 37. Rxf7 Kg6 38. Rd7 Rd2 39. g4 Kf6 40. Kg3 e5 41. Rd6+ Ke7 42. Rg6 Kf7 43. Rd6 d4 44. Kh2 Re2 45. Kg3 Ke7 46.
Rg6 Kf7 47. Rd6 Re3 48. Rd5 Ke6 49. Rd8 d3 50. Kf2 Re2+ 51. Kf1 Rd2 52. Ke1 Rxg2 53. Rxd3 Rg1+ 54. Kf2 Ra1 55. Kg3 Kf6 56. Rd6+ Kg5 57. Re6 Ra5 58. Kf2 Kf4 59. Kg2 Ra2+ 60. Kh3 Re2 61.
Re7 g5 62. Rf7+ Ke3 63. Kg3 Re1 64. Rf5 Kd4 65. Rf6 Re3 0-1

[Event "*** Titled Tuesday Blitz"]
[Site "Chess.com"]
[Date "2020.04.07"]
[Round "8"]
[White "michaelk123"]
[Black "ftorodent"]
[Result "0-1"]
[WhiteElo "2436"]
[BlackElo "2594"]
[TimeControl "180+1"]
[EndTime "14:34:36 PDT"]
[Termination "ftorodent won on time"]

1. e4 c5 2. Nf3 e6 3. d4 cxd4 4.
Nxd4 a6 5. c4 Nf6 6. Nc3 d6 7. Be2 Nbd7 8. O-O g6 9. Be3 Bg7 10.
Qd2 O-O 11. Bh6 Qc7 12. Bxg7 Kxg7 13. Rac1 b6 14. Rfd1 Bb7 15. Nb3 Ne8 16. h3 Nc5 17. Qe3 Nf6 18. Nd2 Rac8 19. b4 Ncd7 20. Nb3 Rfd8 21.
Na4 Bc6 22. Nc3 Qb8 23. Qg3 Nf8 24. f3 b5 25. c5 e5 26. Qf2 d5 27. exd5 Nxd5 28.
Nxd5 Bxd5 29. Na5 Ne6 30. c6 Nd4 31. Bf1 Qb6 32. Rc5 Bxc6 33. Rdc1 Bb7 34. Qe3 Rxc5 35. Rxc5 f6 36. f4 e4 37. Kh2 Rd7 38. g4 Qd6 39. Kg3 f5 40. g5 h6 41. h4 Ne6 42. Qc3+ Kh7 43. Re5 hxg5 44. hxg5 Bd5 45. Nb3 Nxg5 46.
Nc5 Rc7 47. Re8 Nf7 0-1

[Event "*** Titled Tuesday Blitz"]
[Site "Chess.com"]
[Date "2020.04.07"]
[Round "8"]
[White "Enriquack"]
[Black "DonPreuss"]
[Result "0-1"]
[WhiteElo "2337"]
[BlackElo "2186"]
[TimeControl "180+1"]
[EndTime "14:34:36 PDT"]
[Termination "DonPreuss won by resignation"]

1. e4 e5 2. Nf3 d5 3. Nxe5 Bd6 4. d4 dxe4 5. Nc4 Ne7 6. Nxd6+ cxd6 7. Be2 O-O 8. O-O f5 9. d5 Ng6 10. Bh5 Ne5 11. f4 exf3 12. Bxf3 f4 13. Nc3 Qg5 14. Kh1 Bg4 15. Ne4 Qh4 16. Nxd6 Rf6 17. Ne4 Nbd7 18. Nxf6+ Nxf6 19. Bxf4 Bxf3 20. Rxf3 Nxf3 21. Qxf3 Rf8 22. Qg3 Qxg3 23. Bxg3 Nxd5 24. h3 Ne3 25. c3 Rd8 26. Re1 Nc4 27. b3 Nb6 28. Re2 h6 29. Bc7 Rd1+ 30.
Kh2 Nd5 31. Be5 Rc1 32. c4 Nb4 33. Bb2 Rb1 34. Ba3 Nd3 35. Rd2 Ne5 36. Rd8+ Kh7 37. Re8 Ng6 38. Rb8 b6 39. Rb7 a5 40. Rxb6 Ra1 41.
Bb2 Rxa2 42. Bc3 Nf4 43. Rb7 Rxg2+ 44. Kh1 Rg6 45. Bxa5 Ne2 46. Bc3 Nxc3 47. c5 Ne2 48. b4 Nd4 49. b5 Nf3 0-1

[Event "*** Titled Tuesday Blitz"]
[Site "Chess.com"]
[Date "2020.04.07"]
[Round "8"]
[White "floplover"]
[Black "MaxVavulin"]
[Result "0-1"]
[WhiteElo "2262"]
[BlackElo "2447"]
[TimeControl "180+1"]
[EndTime "14:34:37 PDT"]
[Termination "MaxVavulin won on time"]

1. d4 g6 2. c4 Bg7 3. Nc3 d6 4. Nf3 Nc6 5. h3 e5 6. d5 Nce7 7. e4 f5 8. Bd3 Nf6 9. Be3 O-O 10. Qc2 fxe4 11. Nxe4 Nf5 12. Bg5 h6 13. Bxf6 Bxf6 14. g4 Nh4 15. Nxh4 Bxh4 16. O-O-O Kg7 17. Kb1 a5 18. Rhf1 Rf4 19. c5 a4 20. a3 Qe7 21.
Ka1 dxc5 22. Nxc5 Ra5 23. Rc1 b6 24. Ne4 Rxd5 25. Qxc7 Rxd3 26. Qxc8 Rd8 27. Qc6 Rd4 28. Nc3 Rxf2 29. Rxf2 Bxf2 30. Qxb6 Bg3 31. Qa6 Bf4 32. Re1 Qd7 33. Ka2 Rd3 34. Ne4 Qd5+ 35. Ka1 Rd1+ 36.
Rxd1 Qxd1+ 37. Ka2 Qd5+ 38. Ka1 Qxe4 39. Qa7+ Kf6 40. Qb6+ Ke7 41. Qc7+ Ke6 42. Qc8+ Kd5 43. Qa8+ Kd4 44. Qxa4+ Ke3 45. Qb3+ Kf2 46. Qe6 Qc2 47. Qb6+ Kg2 48. Qb5 e4 49. Qd5 Bc1 0-1

[Event "*** Titled Tuesday Blitz"]
[Site "Chess.com"]
[Date "2020.04.07"]
[Round "8"]
[White "Etoilegeniale"]
[Black "Bad4life"]
[Result "0-1"]
[WhiteElo "2487"]
[BlackElo "2345"]
[TimeControl "180+1"]
[EndTime "14:34:38 PDT"]
[Termination "Bad4life won by resignation"]

1. e4 c5 2. Nf3 g6 3. c3 d5 4. exd5 Qxd5 5. d4 cxd4 6. cxd4 Nf6 7. Nc3 Qa5 8. Bc4 Bg7 9. O-O O-O 10. Re1 Nc6 11. d5 Qc5 12. Bb3 Na5 13. Be3 Qd6 14. Rc1 Nxb3 15. Qxb3 b6 16. Red1 Bb7 17. Nb5 Qd8 18.
Ne5 Bxd5 19. Qa3 Qb8 20. Nc7 Qb7 21. Nxa8 Bxg2 22. Nc7 Nh5 23. Qxe7 Qe4 24. Qg5 Bh3 25. f3 Qxe5 26. Qxe5 Bxe5 27. Nd5 Bxb2 28. Rc7 Kg7 29. Rxa7 Rd8 30. Bxb6 Rd6 31. Bc5 Rc6 32. Bd4+ Bxd4+ 33. Rxd4 Rc1+ 34. Kf2 Rc2+ 35. Ke3 Rxh2 36. a4 Ng3 37. a5 Nf5+ 38. Kd3 Bf1+ 39. Kc3 Nxd4 40. Kxd4 Ra2 41. Nb4 Ra4 42. Kc5 h5 43. a6 h4 44. Ra8 h3 45. a7 h2 46. Nc6 h1=Q 47.
Rd8 Qg1+ 48. Kd6 Rxa7 49. Nxa7 Qxa7 0-1

[Event "*** Titled Tuesday Blitz"]
[Site "Chess.com"]
[Date "2020.04.07"]
[Round "8"]
[White "Crazy_girl99"]
[Black "MiroMiljkovic"]
[Result "1-0"]
[WhiteElo "2499"]
[BlackElo "2589"]
[TimeControl "180+1"]
[EndTime "14:34:39 PDT"]
[Termination "Crazy_girl99 won by checkmate"]

1. Nf3 Nf6 2. g3 g6 3. Bg2 Bg7 4. O-O O-O 5. d4 d5 6. c4 c6 7.
cxd5 cxd5 8. Ne5 Nbd7 9. Nd3 Nb6 10. Nc3 e6 11. Bf4 Bd7 12. b3 Rc8 13. Rc1 Re8 14.
Qd2 Nh5 15. Be3 Bf8 16. Nc5 Bc6 17. a4 Nd7 18. b4 Nb6 19. b5 Nc4 20. Qd3 Nxe3 21. fxe3 Bxc5 22. bxc6 Bb6 23. cxb7 Rb8 24. Qa6 Qd7 25. a5 Bd8 26. Rb1 Bg5 27. Qxa7 Bxe3+ 28. Kh1 Qe7 29. a6 Qg5 30. Rf3 e5 31. Rxe3 Qxe3 32. Nxd5 Qxe2 33. dxe5 Qc2 34. Qb6 Ng7 35. a7 Nf5 36.
axb8=Q Rxb8 37. Nf6+ Kg7 38. Nd7 Ne3 39. Qb2 Qxb2 40.
Rxb2 Rd8 41. b8=Q Rxd7 42. h3 Rd1+ 43. Kh2 h5 44. Qb6 Re1 45. Qf6+ Kh7 46. Rb8 Nf1+ 47.
Bxf1 Rxf1 48. Rh8# 1-0

[Event "*** Titled Tuesday Blitz"]
[Site "Chess.com"]
[Date "2020.04.07"]
[Round "8"]
[White "googlegoom"]
[Black "Trickov"]
[Result "1-0"]
[WhiteElo "2411"]
[BlackElo "2245"]
[TimeControl "180+1"]
[EndTime "14:34:39 PDT"]
[Termination "googlegoom won by checkmate"]

1. Nf3 d5 2. b3 c5 3. Bb2 Nc6 4. e3 a6 5. Be2 Nf6 6. d4 cxd4 7. Nxd4 Nxd4 8. Bxd4 e6 9. Nd2 Bb4 10.
O-O O-O 11. a3 Bd6 12. b4 b5 13. Nb3 e5 14. Bc5 Ne4 15. Qxd5 Nc3 16. Qxa8 Nxe2+ 17. Kh1 Bxc5 18. Nxc5 Qh4 19. Rae1 Qc4 20. Qe4 Nc3 21. Qxc4 bxc4 22. e4 f6 23. Re3 Nb5 24. Rd1 Bg4 25. f3 Bc8 26. a4 Nd4 27. c3 Nc6 28. Rd6 Ne7 29. Nxa6 Bxa6 30. Rxa6 Rd8 31. h3 Rd1+ 32. Kh2 Ng6 33. Re2 Nf4 34. Rb2 h5 35. h4 Ng6 36.
Kg3 Rh1 37. b5 Nxh4 38. b6 f5 39. exf5 Nxf5+ 40. Kf2 Nd6 41. b7 Nxb7 42. Rxb7 Rc1 43. Raa7 Rc2+ 44. Kg3 Rxc3 45. Rxg7+ Kf8 46. Rgb7 Rb3 47.
Ra8# 1-0

[Event "*** Titled Tuesday Blitz"]
[Site "Chess.com"]
[Date "2020.04.07"]
[Round "8"]
[White "Evhen_Taranenko"]
[Black "gixfantastix"]
[Result "0-1"]
[WhiteElo "2269"]
[BlackElo "2095"]
[TimeControl "180+1"]
[EndTime "14:34:39 PDT"]
[Termination "gixfantastix won on time"]

1. d4 Nf6 2. c4 c6 3. Nc3 d5 4. e3 e6 5. Nf3 Nbd7 6. Be2 Be7 7. O-O dxc4 8. Bxc4 b5 9. Be2 a6 10. a3 c5 11. b3 Bb7 12. Bb2 O-O 13. Qc2 Rc8 14. Rac1 Qb6 15. Rfd1 Rc7 16. Qd2 Rfc8 17. Kf1 h6 18. h3 Nf8 19. Bd3 Bxf3 20. gxf3 cxd4 21.
exd4 Rd8 22. Ne4 Rcd7 23. Qf4 Rd5 24. Nxf6+ Bxf6 25. Qe4 Bxd4 26. Bxd4 Rxd4 27. Qc6 Qxc6 28. Rxc6 Rxd3 29. Rxd3 Rxd3 30. Rxa6 Rxb3 31. Ke2 Ng6 32. Kd2 Nf4 33. Ra5 Nd5 34. Kc2 Rxf3 35. Rxb5 Rxa3 0-1

[Event "*** Titled Tuesday Blitz"]
[Site "Chess.com"]
[Date "2020.04.07"]
[Round "8"]
[White "rasmussvane"]
[Black "Ba_clbaf_osed_ingo_3v21"]
[Result "1-0"]
[WhiteElo "2884"]
[BlackElo "2694"]
[TimeControl "180+1"]
[EndTime "14:34:40 PDT"]
[Termination "rasmussvane won by resignation"]

1. Nf3 c5 2. c4 Nc6 3. Nc3 g6 4. e3 Nf6 5. d4 cxd4 6. exd4 d5 7. cxd5 Nxd5 8. Qb3 e6 9. Bb5 Bg7 10. O-O O-O 11.
Bxc6 bxc6 12. Re1 Qd6 13. Ne4 Qc7 14. h4 a5 15. h5 a4 16. Qc2 Ba6 17. h6 Bh8 18. a3 Nf4 19. Nc5 Bb5 20. Ne5 Nd5 21. Bd2 Qe7 22. Rac1 Qh4 23. Re4 Qe7 24. Nf3 Qd6 25.
Rce1 Nf6 26. Rh4 Nd7 27. Nxd7 Qxd7 28. Bb4 Rfd8 29. Bc5 Qd5 30. Ne5 Rab8 31. Rf4 Rb7 32. Re3 Re8 33. Ng4 f5 34. Ne5 Rd8 35. Qc3 Bf6 36.
Rg3 Kh8 37. Ng4 Bg5 38. Ne3 Bxf4 39. Nxd5 Rxd5 40. Rf3 Bxh6 41. Qa5 Rbd7 42. Rh3 Bg7 43. Re3 e5 44. Bb6 e4 45. Qa8+ 1-0

[Event "*** Titled Tuesday Blitz"]
[Site "Chess.com"]
[Date "2020.04.07"]
[Round "8"]
[White "Tomytoteph"]
[Black "Mezioudamina88"]
[Result "1-0"]
[WhiteElo "2294"]
[BlackElo "2078"]
[TimeControl "180+1"]
[EndTime "14:34:40 PDT"]
[Termination "Tomytoteph won on time"]

1. d4 d5 2. Nf3 Nf6 3. c4 e6 4.
Nc3 Bb4 5. Qa4+ Nc6 6. e3 O-O 7.
Bd3 a6 8. cxd5 exd5 9. O-O Bg4 10. Ne5 Bxc3 11. bxc3 Bd7 12. Nxd7 Qxd7 13. Qc2 h6 14.
Ba3 Rfe8 15. Bf5 Qd8 16. Rab1 b6 17. c4 dxc4 18. Qxc4 Na5 19. Qc2 b5 20. Bd3 Rc8 21.
Rfc1 Qd5 22. Bb4 Nb7 23. Qc6 a5 24. Bd2 Qxa2 25. Qxb7 Qxd2 26. Bxb5 Rf8 27. Rxc7 Rxc7 28. Qxc7 Ne4 29. Rf1 Nc3 30. Bc4 a4 31. Qa7 Qb2 32.
e4 a3 33. e5 a2 34. e6 fxe6 35. Bxe6+ Kh8 36. Bc4 Rb8 37. h3 Qb1 38. Bxa2 Qxa2 39. Qxb8+ Kh7 40. Qg3 1-0

[Event "*** Titled Tuesday Blitz"]
[Site "Chess.com"]
[Date "2020.04.07"]
[Round "8"]
[White "plumalka"]
[Black "Olga_Girya"]
[Result "1-0"]
[WhiteElo "2420"]
[BlackElo "2547"]
[TimeControl "180+1"]
[EndTime "14:34:41 PDT"]
[Termination "plumalka won on time"]

1. e4 c6 2. d4 d5 3. e5 Bf5 4. c4 e6 5. Nc3 Bb4 6. Qb3 a5 7. a3 Bxc3+ 8. bxc3 Qc7 9. c5 Nd7 10. Ne2 b6 11. cxb6 Nxb6 12. Ng3 Bg6 13. f4 Ne7 14. Be2 O-O 15. O-O c5 16. Be3 Rfb8 17. Qa2 Na4 18.
Rac1 Rb2 19. Qa1 c4 20. Bd1 Rb3 21. Bxb3 cxb3 22. Rf2 Rb8 23. Rb2 Qc4 24. Nf1 Nb6 25. Bf2 a4 26. Ne3 Qc7 27. Rd2 Nc4 28. Nxc4 dxc4 29.
Qb2 Nd5 30. Bg3 Qa5 31. h3 Be4 32. Bh2 h5 33. g4 hxg4 34. hxg4 g6 35. Bg3 Kg7 36. Rh2 Bf3 37. f5 exf5 38. Qd2 f4 39.
Bxf4 b2 40. Rb1 Qxc3 41. Bh6+ Kg8 42. Qxc3 Nxc3 43. Rbxb2 Rb3 44. Bg5 Bxg4 45. Bf6 Bh5 46. d5 Nxd5 47. Rbc2 Ne3 48. Rhd2 1-0

[Event "*** Titled Tuesday Blitz"]
[Site "Chess.com"]
[Date "2020.04.07"]
[Round "8"]
[White "adiosabu"]
[Black "AsselLesbekova"]
[Result "1-0"]
[WhiteElo "2502"]
[BlackElo "2315"]
[TimeControl "180+1"]
[EndTime "14:34:42 PDT"]
[Termination "adiosabu won by resignation"]

1. e4 c5 2. Nf3 Nc6 3. d4 cxd4 4. Nxd4 e5 5. Nb5 d6 6. c4 Be7 7. N1c3 a6 8. Na3 Be6 9. Bd3 Rc8 10. O-O Na5 11.
Qe2 Nf6 12. b4 Nc6 13. Nc2 O-O 14. a3 Qd7 15. h3 Ne8 16. Nd5 f5 17. Nb6 Qc7 18.
Nxc8 Qxc8 19. exf5 Bxf5 20. Bxf5 Qxf5 21. Ne3 Nd4 22. Qg4 Qxg4 23. hxg4 Bg5 24. Ra2 Nb3 25. Re2 Nd4 26. Ree1 Nf6 27. f3 Nb3 28. Bb2 Nd2 29. Rf2 Bxe3 30. Rxe3 Nxc4 31. Rd3 b5 32. Bc1 Kf7 33. g5 Nd7 34. f4 Ke6 35. g3 e4 36.
Rd1 d5 37. f5+ Kd6 38. Kg2 Nde5 39. Rf4 Nd3 40. Rh4 Rh8 41. g6 h6 42. f6 gxf6 43. g7 Rg8 44. Bxh6 Ndb2 45. Rf1 Nd3 46. Rxf6+ Ke5 47.
Rf8 Ne1+ 48. Kh3 Nf3 49. Rxg8 Ng1+ 50. Kg2 e3 51. Re8+ Kf5 52. g8=Q e2 1-0

[Event "*** Titled Tuesday Blitz"]
[Site "Chess.com"]
[Date "2020.04.07"]
[Round "8"]
[White "Oleg_Papayan"]
[Black "OhanyanEminChess"]
[Result "1-0"]
[WhiteElo "2356"]
[BlackElo "2548"]
[TimeControl "180+1"]
[EndTime "14:34:42 PDT"]
[Termination "Oleg_Papayan won on time"]

1. e4 e5 2. Nf3 Nc6 3. Bb5 f5 4. d3 fxe4 5. dxe4 Nf6 6. O-O Bc5 7. Bc4 d6 8. Nc3 Qe7 9. Bg5 Be6 10. Nd5 Bxd5 11. Bxd5 Nd8 12. c3 c6 13. Bc4 Nf7 14. Bh4 O-O 15. b4 Bb6 16. Ng5 d5 17. exd5 cxd5 18. Bxd5 Nxd5 19. Qxd5 Rad8 20. Qe6 Rde8 21. Qxe7 Rxe7 22. Nxh7 Rfe8 23. Ng5 Nxg5 24. Bxg5 Rf7 25. Be3 Bxe3 26. fxe3 Rc7 27. Rac1 Rec8 28. Rf5 Rxc3 29. Rxc3 Rxc3 30. Rxe5 Rc1+ 31. Kf2 Rc2+ 32. Kf3 Rxa2 33. Re7 b5 34. h4 Ra4 35. g4 a6 36. Ra7 Rxb4 37. Rxa6 Rb1 38. g5 Kh7 39. e4 b4 40. Kg4 b3 41. Kh5 Kg8 42.
Kg6 Kf8 43. Ra8+ Ke7 44. Kxg7 b2 45. Rb8 Ke6 46. g6 Rh1 47. Rxb2 Rxh4 48. Kg8 Rxe4 49. g7 Ke7 50. Rh2 Rg4 51. Kh8 Kf7 52. Rf2+ Ke7 53. g8=Q Rh4+ 54. Qh7+ Rxh7+ 55. Kxh7 1-0

[Event "*** Titled Tuesday Blitz"]
[Site "Chess.com"]
[Date "2020.04.07"]
[Round "8"]
[White "Sjakkerntobi"]
[Black "MrrRefrao"]
[Result "1-0"]
[WhiteElo "2271"]
[BlackElo "2410"]
[TimeControl "180+1"]
[EndTime "14:34:42 PDT"]
[Termination "Sjakkerntobi won on time"]

1. e4 c5 2. Nf3 Nc6 3. d4 cxd4 4. Nxd4 Nf6 5. Nc3 e5 6. Ndb5 d6 7. Nd5 Nxd5 8. exd5 Nb8 9. c4 Be7 10. Bd3 O-O 11. g4 a6 12. Nc3 Bg5 13. h4 Bxc1 14.
Rxc1 f5 15. gxf5 Bxf5 16. h5 Nd7 17. Bxf5 Rxf5 18. Ne4 Rf4 19. Qe2 Nf6 20. Ng3 Qa5+ 21. Rc3 Qxa2 22. O-O Qa5 23. Rf3 Rxf3 24. Qxf3 Qd2 25.
Kh1 Rf8 26. Rg1 Qh6 27. Qf5 e4 28. Qe6+ Kh8 29. Qe7 Rg8 30. Qxd6 Qd2 31. h6 Qxh6+ 32. Kg2 Qd2 33. Qe6 Qxb2 34. Nf5 e3 35. Nxe3 Re8 36.
Qh3 Qd4 37. Kf1 Qd3+ 38. Kg2 Qe4+ 39. Kf1 b5 40. Qg3 g6 41. Qd6 Kg7 42. cxb5 axb5 43. Qc7+ Re7 44. Qc2 1-0

[Event "*** Titled Tuesday Blitz"]
[Site "Chess.com"]
[Date "2020.04.07"]
[Round "8"]
[White "MikeKorovin"]
[Black "RitvarsReimanis"]
[Result "1/2-1/2"]
[WhiteElo "2766"]
[BlackElo "2618"]
[TimeControl "180+1"]
[EndTime "14:34:44 PDT"]
[Termination "Game drawn by repetition"]

1. Nf3 Nf6 2. b3 e6 3. Bb2 d5 4.
g3 Be7 5. Bg2 O-O 6. O-O b6 7.
d3 Bb7 8. Nbd2 Nbd7 9. e4 dxe4 10. Ng5 Nc5 11. Ngxe4 Nfxe4 12. Nxe4 Nxe4 13. Bxe4 Bxe4 14. dxe4 Qxd1 15. Rfxd1 Rfd8 16. Kf1 f6 17. Ke2 Kf7 18.
a4 a6 19. f3 Rxd1 20. Rxd1 Rd8 21. Rxd8 Bxd8 22. Kd3 Ke7 23. Kc4 Kd6 24. b4 c6 25. b5 axb5+ 26. axb5 c5 27. e5+ Ke7 28. Kd3 f5 29. Bc1 Kf7 30. g4 g6 31. h3 Bc7 32.
Bf4 Bd8 33. Kc4 Bc7 34. Bg3 Bd8 35. Bf2 Be7 36. Be3 h5 37. Bd2 Ke8 38. Be3 Kf7 39. Bf2 Ke8 40. Kd3 Kf7 41. c4 hxg4 42. fxg4 g5 43.
Be3 Kg6 44. Bd2 Kf7 45. Ke3 Kg6 46. Kf3 Kf7 47. Kg3 Kg6 48. Kg2 Kf7 49. Kf3 Kg6 50. Be3 Kf7 51. Bf2 Kg6 52. Ke3 Bd8 53. Kf3 Be7 54.
Be3 Kf7 55. Bf2 Kg6 1/2-1/2

[Event "*** Titled Tuesday Blitz"]
[Site "Chess.com"]
[Date "2020.04.07"]
[Round "8"]
[White "GameOverBro"]
[Black "AndrewDGreen"]
[Result "1-0"]
[WhiteElo "2495"]
[BlackElo "2321"]
[TimeControl "180+1"]
[EndTime "14:34:45 PDT"]
[Termination "GameOverBro won on time"]

1. e4 c5 2. Ne2 g6 3. Nbc3 Bg7 4. d4 cxd4 5. Nxd4 Nc6 6. Nde2 Nf6 7.
g3 b5 8. Bg2 Rb8 9. O-O O-O 10.
a3 d6 11. h3 a5 12. Re1 b4 13. axb4 axb4 14. Nd5 Nd7 15. Ra2 Nde5 16. b3 e6 17.
Ne3 Qe7 18. f4 Nd7 19. Nc4 Nb6 20. Nxd6 Rd8 21. e5 Nxe5 22. fxe5 Bxe5 23. Nxc8 Qc5+ 24. Nd4 Rxd4 25. Ne7+ Kf8 26. Be3 Rxd1 27. Bxc5 Rxe1+ 28. Kf2 Nd7 29. Kxe1 Nxc5 30. Nc6 Bxg3+ 31. Ke2 Rb6 32.
Ra8+ Kg7 33. Ra5 Nd7 34. Ra4 Nf6 35. Nxb4 Bd6 36. Nd3 Nd5 37. Bxd5 exd5 38. Rd4 Rc6 39. Kd2 Be7 40. Rxd5 h5 41. c4 g5 42. Kc3 g4 43.
Rxh5 g3 44. Nf4 Bf6+ 45. Kd3 Rb6 46. Rb5 1-0

[Event "*** Titled Tuesday Blitz"]
[Site "Chess.com"]
[Date "2020.04.07"]
[Round "8"]
[White "Batica1984"]
[Black "DrVelja"]
[Result "1-0"]
[WhiteElo "2846"]
[BlackElo "2637"]
[TimeControl "180+1"]
[EndTime "14:34:46 PDT"]
[Termination "Batica1984 won by resignation"]

1. e4 c5 2. g3 Nc6 3. Bg2 g6 4. d3 Bg7 5. f4 d6 6. Nf3 e5 7.
O-O Nge7 8. Nc3 h6 9. Nd5 Nxd5 10.
exd5 Ne7 11. c4 O-O 12. fxe5 dxe5 13. Be3 b6 14. Qd2 Nf5 15. Bf2 Nd6 16. Rae1 Re8 17.
Qc2 a5 18. Re2 Ra7 19. Rfe1 Rae7 20. a3 Bf5 21. Nd2 Bg4 22. Bf3 Bxf3 23. Nxf3 Qd7 24.
b4 axb4 25. axb4 Qc8 26. bxc5 bxc5 27. Nd2 f5 28. Nb3 Rc7 29. Qa2 e4 30. Qa4 f4 31.
dxe4 f3 32. Re3 Rxe4 33. Nd2 Rxe3 34. Rxe3 Rb7 35. Rxf3 Rb2 36. Qd1 Kh7 37. Kg2 Qg4 38. h3 Qg5 39. Nf1 Ne4 40. Qe1 Qe7 41. d6 Qe6 42. d7 Qxd7 43. Qxe4 1-0

[Event "*** Titled Tuesday Blitz"]
[Site "Chess.com"]
[Date "2020.04.07"]
[Round "8"]
[White "Colombiano07"]
[Black "MusicCityMaster"]
[Result "1-0"]
[WhiteElo "2245"]
[BlackElo "2293"]
[TimeControl "180+1"]
[EndTime "14:34:47 PDT"]
[Termination "Colombiano07 won by resignation"]

1. Nf3 Nf6 2. b3 d6 3. d4 Nbd7 4. Bb2 b6 5. g3 Bb7 6. Bg2 c5 7.
O-O e6 8. c4 Be7 9. Nc3 O-O 10.
d5 e5 11. Nd2 Re8 12. Bh3 Bf8 13. Bxd7 Qxd7 14. e4 g6 15. Kg2 Bc8 16. f3 Qh3+ 17. Kg1 Bh6 18. Qe2 Nh5 19. Rad1 a6 20. Bc1 Rf8 21. Ndb1 Bxc1 22. Rxc1 f5 23. Qg2 Qxg2+ 24. Kxg2 Bd7 25. Na3 b5 26. cxb5 axb5 27. Ncxb5 Bxb5 28. Nxb5 Rxa2+ 29. Kg1 Rb8 30. Nxd6 Rxb3 31.
Rf2 Rxf2 32. Kxf2 Rb2+ 33. Kg1 fxe4 34. Nxe4 Rb3 35. Kg2 Rb2+ 36. Kh3 Rb3 37. Kg4 Kf7 38. Rxc5 Nf6+ 39. Nxf6 Kxf6 40. Rc6+ Kg7 41. Re6 h5+ 42. Kg5 Rxf3 43. Rxg6+ Kf7 44. Re6 Rf2 45. h4 Rf3 46. Kxh5 Rxg3 47. Rxe5 Rd3 48. Kg5 Rg3+ 49. Kf4 Rh3 50. h5 Kf6 51. Re6+ Kf7 52. h6 Rh5 53. Ke4 Rh4+ 54. Ke5 Rh5+ 55. Kd6 Rh1 56. Re7+ Kf6 57.
h7 1-0

[Event "*** Titled Tuesday Blitz"]
[Site "Chess.com"]
[Date "2020.04.07"]
[Round "8"]
[White "checkmatequen"]
[Black "CyberneticLion"]
[Result "0-1"]
[WhiteElo "2267"]
[BlackElo "2528"]
[TimeControl "180+1"]
[EndTime "14:34:49 PDT"]
[Termination "CyberneticLion won by resignation"]

1. e4 e5 2. Nf3 Nc6 3. Bb5 Nge7 4. c3 g6 5. O-O Bg7 6. d4 exd4 7. cxd4 a6 8. Ba4 b5 9. Bc2 O-O 10. e5 d6 11. exd6 Qxd6 12. Be3 Nf5 13. Bxf5 Bxf5 14. h3 Be4 15. Nc3 Bxf3 16. Qxf3 Nxd4 17. Bxd4 Qxd4 18. Rad1 Qf6 19. Qxf6 Bxf6 20. Rd7 Rac8 21. Nd5 Bd8 22. Re1 c6 23. Ne7+ Bxe7 24. Rexe7 Rcd8 25. Rc7 Rd1+ 26. Kh2 Rd2 27. Rxc6 Rxb2 28. Rxa6 Rxf2 29. Rb7 Rc8 30.
Rxb5 Rcc2 31. Rg5 Rxa2 32. Rxa2 Rxa2 33. Rg3 Kg7 34. Rb3 h5 35. Kg3 Ra4 36. Rc3 h4+ 37. Kf3 Kh6 38. Rb3 Kg5 39. g3 hxg3 40. Kxg3 f5 41. Rc3 Ra1 42. Rb3 Kh5 43. Rf3 Rg1+ 44. Kf2 Rg5 45. Rf4 Kh6 46. Ra4 Rh5 47. Kg3 Rg5+ 48.
Kf3 Rg1 49. Kf2 Rb1 50. Kg3 Rb3+ 51. Kg2 Kh5 52. Rf4 Ra3 53. Kh2 Ra2+ 54. Kg3 Ra3+ 55. Kh2 Kg5 56. Rb4 f4 57. Rb5+ Kh4 58. Rb4 Rxh3+ 59.
Kg2 Rg3+ 60. Kf2 g5 61. Rb8 Kg4 62. Rg8 Ra3 63. Rb8 Ra2+ 64. Kg1 Kg3 65. Rb1 f3 66. Kf1 Rh2 67. Kg1 f2+ 68. Kf1 Rh1+ 0-1

[Event "*** Titled Tuesday Blitz"]
[Site "Chess.com"]
[Date "2020.04.07"]
[Round "8"]
[White "Harut-1998"]
[Black "boasovietica"]
[Result "0-1"]
[WhiteElo "2633"]
[BlackElo "2452"]
[TimeControl "180+1"]
[EndTime "14:34:49 PDT"]
[Termination "boasovietica won on time"]

1. d4 Nf6 2. c4 e6 3. g3 d5 4. Nf3 dxc4 5. Bg2 a6 6. O-O b5 7.
Ne5 Nd5 8. a4 Bb7 9. b3 cxb3 10.
Qxb3 c6 11. Ba3 Nd7 12. Bxf8 Nxf8 13. Nc3 Nd7 14. Nd3 O-O 15. Ne4 Qe7 16. Rfc1 Rfc8 17. e3 N5b6 18. Nec5 Nxc5 19. Nxc5 Nd5 20. Ra2 Rcb8 21.
Rac2 Bc8 22. Nd3 Bd7 23. axb5 axb5 24. Ne5 h6 25. Nxc6 Bxc6 26. Rxc6 b4 27. Bxd5 exd5 28.
Qxd5 b3 29. Rb1 b2 30. Rc2 Ra1 31. Rxb2 Rxb1+ 32. Rxb1 Rxb1+ 33. Kg2 Rb8 34. h4 Re8 35. h5 Qe4+ 36. Qxe4 Rxe4 37. Kf3 Re8 38. g4 Ra8 39. e4 Kf8 40. Kf4 Ke7 41. Ke5 Ra5+ 42.
d5 Ra3 43. f4 Rg3 44. Kf5 g6+ 45. hxg6 fxg6+ 46. Kxg6 Rxg4+ 47. Kf5 Rg1 48. e5 h5 49. d6+ Kd7 50. Kf6 Re1 51. f5 h4 52.
Kf7 h3 53. e6+ Kxd6 54. f6 Rxe6 0-1

[Event "*** Titled Tuesday Blitz"]
[Site "Chess.com"]
[Date "2020.04.07"]
[Round "8"]
[White "rpragchess"]
[Black "Hubbery"]
[Result "1-0"]
[WhiteElo "2803"]
[BlackElo "2630"]
[TimeControl "180+1"]
[EndTime "14:34:50 PDT"]
[Termination "rpragchess won by resignation"]

1. Nf3 d5 2. g3 Nc6 3. d4 Bf5 4.
Bg2 Nb4 5. Na3 e6 6. O-O Be7 7. c3 Nc6 8. Qb3 Rb8 9. Ne5 Nf6 10. Qa4 O-O 11. Nxc6 bxc6 12. Qxc6 Qc8 13. b4 e5 14. Bxd5 exd4 15. Bg2 dxc3 16. Qxc3 Bxb4 17. Qc4 Be6 18. Qc2 Bf5 19. e4 Be6 20. Nc4 Qa6 21. Ne5 Qa5 22. Nc6 Qh5 23. Nxb8 Rxb8 24. Rb1 Rb6 25. Be3 c5 26. a3 Ba5 27. Qxc5 Qxc5 28. Bxc5 Rc6 29. Rb8+ Bc8 30. Bxa7 Nd7 31. Rb5 Bc3 32. Rc1 Ne5 33. Bd4 Bxd4 34. Rxc6 Nxc6 35. e5 Ne7 36. a4 g5 37. a5 Bf5 38. a6 Bd3 39.
Rb8+ Kg7 40. Rb7 Nf5 41. a7 Bxa7 42. Rxa7 Nd4 43. Bd5 Bg6 44. e6 Ne2+ 45. Kg2 Nc3 46. e7 Nxd5 47. e8=Q Nf6 48. Qe5 Be4+ 49. f3 1-0